cohdb
Replays
Latest Replays
All Replays
Popular Replays
Top Player Replays
Match Explorer
How It Works
Community
CoH3 Stats
Reddit
Sign in to upload your games and track your stats! →
Sign in with Steam
Match 43524194
Unlisted
Match 43524194
Overview
Messages
Build Orders
End
Royal Engineer Section
Vickers Machine Gun Team
Selects Indian Artillery Battlegroup
Vickers Machine Gun Team
Construct Section Command Post
Infantry Section
Infantry Section
Infantry Section
Grenade Package
Construct Platoon Command Post
CMP 15cwt Truck
Selects Valour
Selects Artillery Saturation
6-pounder Anti-tank Gun Team
Unlock Bishop Self-propelled Artillery
Selects Off-map Airburst Barrage
Bishop Self-propelled Artillery
Selects BL5.5 Artillery Emplacement
Off-map Airburst Barrage
Capt Pudding
PlzForGiveMeZ
AnS
khon
RhumsteaK
King Raptor
nonaino
撒旦代言人
0
0
Comments
sign in to comment!
No comments posted yet!